Map: Dusk Towers

Players

SubjectDelta - Winner!

  • Race: Zerg Zerg
  • League: Gold

LilDicky

  • Race: Terran Terran
  • League: Diamond

VOD

http://www.twitch.tv/tumescentpie

Description

Time

  • Played on: Dec. 4, 2015, 8:45 a.m.
  • Length: 15:31
Show
View Real Time Build Order
Export as new Build Order

SubjectDelta Zerg - Winner!

Build Orders: Pool First, Lurkers 

Get SALT Encoding   

  12  0:01  Drone  
  13  0:12  Overlord  
  13  0:17  Drone  
  14  0:31  Drone x2  
  16  0:39  Drone  
  17  0:46  Spawning Pool  
  16  0:50  Drone  
  17  1:00  Drone, Extractor  
  17  1:17  Hatchery  
  16  1:21  Drone  
  16  1:25  Drone  
  18  1:33  Queen  
  20  1:41  Overlord  
  20  1:47  Drone  
  21  1:56  Zergling x2  
  22  2:03  Metabolic Boost  
  22  2:09  Zergling x2  
  22  2:12  Queen  
  25  2:16  Overlord  
  25  2:24  Drone  
  26  2:34  Drone, Baneling Nest  
  26  2:35  Drone  
  26  3:04  Drone x3  
  26  3:05  Drone x3  
  32  3:19  Drone  
  33  3:20  Drone  
  33  3:22  Drone x4  
  33  3:26  Lair  
  38  3:27  Extractor  
  37  3:43  Drone x2  
  37  3:46  Extractor x2  
  37  3:52  Roach Warren  
  35  4:01  Drone x3  
  38  4:06  Drone x2  
  38  4:07  Drone x2  
  42  4:12  Overlord x2  
  42  4:33  Glial Reconstitution  
  42  4:37  Roach x5  
  42  4:38  Roach x2  
  56  4:39  Hydralisk Den  
  53  4:48  Drone x2  
  55  4:54  Hatchery  
  54  5:05  Evolution Chamber  
  54  5:06  Evolution Chamber  
  52  5:08  Drone x3  
  55  5:14  Drone x2  
  55  5:17  Muscular Augments  
  55  5:20  Overlord  
  55  5:21  Overlord  
  57  5:26  Hydralisk  
  59  5:34  Overlord  
  59  5:40  Hydralisk x3  
  59  5:42  Hydralisk  
  67  5:46  Hydralisk  
  69  5:56  Hydralisk x3  
  69  6:31  Overlord x4  
  69  6:32  Overlord  
  69  6:39  Lurker Den  
  69  6:42  Zerg Missile Weapons Level 1  
  69  6:43  Zerg Ground Armor Level 1  
  69  6:48  Hatchery, Overseer  
  69  6:49  Queen x2  
  72  7:02  Drone x2  
  72  7:03  Drone x2  
  72  7:04  Drone x3  
  79  7:39  Drone x2  
  79  7:42  Roach x4  
  89  7:52  Infestation Pit  
  88  8:02  Drone  
  88  8:03  Drone x3  
  88  8:05  Extractor  
  91  8:10  Extractor  
  90  8:14  Drone  
  90  8:15  Queen  
  90  8:16  Drone x6  
  99  8:25  Hatchery  
  98  8:31  Hive  
  98  8:32  Hydralisk x5  
  108  8:40  Roach  
  92  9:11  Drone x5  
  92  9:12  Roach  
  92  9:13  Roach x4  
  107  9:17  Queen  
  107  9:18  Hatchery  
  107  9:20  Zerg Ground Armor Level 2, Zerg Missile Weapons Level 2  
  108  9:27  Roach x3  
  114  9:45  Spore Crawler x2  
  112  9:46  Spore Crawler  
  109  10:08  Ultralisk Cavern  
  104  10:28  Hatchery  
  99  10:40  Overlord  
  99  10:41  Overlord x3  
  99  10:42  Roach  
  101  10:43  Roach  
  101  10:44  Roach x8  
  101  10:49  Overseer  
  107  11:01  Hydralisk x7  
  107  11:02  Hydralisk  
  103  11:19  Queen  
  105  11:30  Roach  
  105  11:31  Roach x8  
  125  11:32  Lurker  
  125  11:33  Lurker x2  
  125  11:35  Chitinous Plating  
  126  11:40  Zerg Missile Weapons Level 3  
  126  11:46  Drone, Extractor x2  
  125  11:48  Zergling x6  
  113  12:35  Drone x5  
  108  12:41  Spore Crawler, Spine Crawler  
  108  12:42  Drone x3, Spore Crawler  
  108  12:44  Drone x13  
  102  12:45  Drone x5  
  102  12:48  Drone x2  
  117  13:02  Drone x4  
  120  13:21  Extractor  
  119  13:29  Hydralisk  
  119  13:30  Hydralisk x18  
  137  13:48  Drone  
  138  13:51  Queen  
  138  13:52  Drone x4  
  138  13:53  Drone x4  
  148  14:00  Queen  
  148  14:02  Drone x2  
  152  14:03  Drone  
  152  14:04  Drone  
  152  14:05  Drone  
  155  14:12  Overseer  
  155  14:29  Lurker x3  
  158  14:48  Spore Crawler  
  158  14:50  Spore Crawler, Spine Crawler  
  158  14:51  Drone x3  
  158  15:00  Hatchery  
Show
View Real Time Build Order
Export as new Build Order

LilDicky Terran 

Build Orders: MMM Bio 

Get SALT Encoding   

  12  0:02  SCV  
  14  0:14  SCV  
  14  0:18  Supply Depot  
  14  0:26  SCV  
  15  0:33  Refinery  
  15  0:39  SCV  
  16  0:45  Barracks  
  16  0:52  SCV  
  17  1:04  SCV  
  18  1:17  SCV  
  19  1:29  SCV  
  20  1:33  Reaper  
  21  1:41  Orbital Command  
  21  1:48  Command Center  
  21  2:06  Barracks  
  21  2:07  Barracks Reactor  
  21  2:11  SCV  
  21  2:14  Barracks  
  22  2:24  Supply Depot  
  22  2:28  SCV  
  23  2:34  Engineering Bay  
  23  2:38  Refinery  
  23  2:45  Marine x2  
  25  3:02  SCV  
  26  3:05  Orbital Command  
  26  3:06  Barracks Tech Lab x2  
  26  3:07  Marine x2  
  27  3:15  SCV  
  27  3:19  Terran Infantry Weapons Level 1  
  28  3:27  Bunker  
  28  3:28  SCV  
  28  3:30  Combat Shields  
  29  3:37  Stimpack  
  29  3:39  Marine  
  29  3:40  Marine  
  31  3:53  SCV  
  31  3:54  Marine x2  
  34  3:57  SCV, Marine  
  34  4:02  Marine  
  37  4:05  SCV  
  37  4:09  Supply Depot, SCV  
  39  4:12  Marauder  
  40  4:17  Marine  
  40  4:18  Marauder  
  40  4:21  SCV  
  40  4:22  SCV  
  45  4:28  Marine  
  46  4:34  SCV, Marauder  
  49  4:39  Factory, Marauder  
  51  4:56  Marauder, Marine  
  54  5:10  Supply Depot  
  54  5:25  Factory Reactor  
  54  5:28  Starport  
  54  5:30  Supply Depot  
  54  5:31  SCV x2, Marauder x2, Marine x2  
  62  5:38  Supply Depot  
  62  5:41  Command Center  
  62  5:43  Terran Infantry Armor Level 1  
  62  5:52  SCV x2, Marine x2  
  62  5:53  Marauder x2  
  70  6:04  SCV x2  
  51  6:26  Marine  
  51  6:27  Marauder, Marine  
  51  6:28  Marauder  
  57  6:35  Supply Depot, Concussive Shells  
  57  6:36  Medivac  
  59  6:44  Refinery  
  59  6:45  Refinery  
  59  6:46  Supply Depot  
  59  6:53  Armory  
  59  6:54  Supply Depot  
  59  6:55  Marine  
  59  6:56  Orbital Command  
  59  7:00  Marine x2  
  64  7:02  Barracks x2  
  64  7:03  Barracks  
  64  7:09  Medivac  
  64  7:10  Marine  
  64  7:12  Marine  
  64  7:14  SCV x2  
  68  7:18  Marine x2, Orbital Command  
  70  7:28  Marine  
  71  7:30  Marine  
  71  7:36  Marine x2  
  74  7:45  SCV x2  
  74  7:46  SCV, Marauder  
  74  7:48  Marine  
  80  7:53  Terran Infantry Weapons Level 2  
  80  7:54  Marauder, Marine  
  80  7:57  SCV x2  
  87  7:58  Barracks Reactor  
  87  7:59  Barracks Reactor, Engineering Bay  
  85  8:06  Marine  
  85  8:07  Marine  
  85  8:10  SCV  
  85  8:11  SCV x2, Refinery, Marine  
  92  8:14  Barracks Reactor  
  92  8:16  Marauder  
  92  8:19  Medivac  
  95  8:20  Medivac  
  95  8:23  SCV  
  95  8:24  Marine  
  95  8:25  Marauder  
  101  8:32  Marine  
  101  8:33  SCV x2  
  104  8:35  Factory Tech Lab  
  104  8:37  Marauder  
  106  8:46  Marauder  
  97  8:49  Marine  
  97  8:50  Marine  
  83  8:58  Marauder  
  83  9:00  Marine x2  
  83  9:02  SCV  
  80  9:04  Supply Depot, Marine, Terran Infantry Armor Level 2  
  80  9:08  Marauder  
  83  9:11  Marine x2  
  83  9:12  Marine x3  
  88  9:18  Marine  
  88  9:20  Marauder  
  88  9:21  Command Center, Marine  
  88  9:22  Barracks  
  88  9:23  Barracks  
  92  9:29  Marauder  
  92  9:40  Marine  
  92  9:41  Marine x2, Marauder  
  92  9:42  Marine x5  
  102  9:51  Marauder  
  104  9:57  Marine  
  104  9:59  Marine x2  
  100  10:03  Marauder  
  92  10:18  Marine x10  
  92  10:19  Medivac x2  
  90  10:37  Marine  
  90  10:38  Marauder, Marine x3  
  90  10:39  Marauder  
  90  10:42  Marine x3  
  99  10:45  Siege Tank  
  99  10:48  Ghost Academy  
  99  10:49  Medivac x2  
  95  11:00  Marauder x2  
  95  11:02  Marine x2  
  83  11:07  Planetary Fortress  
  81  11:16  Marine  
  81  11:17  Marine x7  
  89  11:19  Marine x2, Medivac x2  
  89  11:21  Marine x2  
  97  11:28  Thor  
  103  11:34  Marine x5  
  103  11:39  Marauder x2  
  112  11:49  Medivac x2  
  116  12:00  SCV x3  
  119  12:05  Marine  
  119  12:06  Marauder, Marine x7  
  119  12:07  Marauder  
  131  12:12  SCV  
  118  12:28  Marauder  
  110  12:38  Marine x5  
  110  12:39  Marine x6  
  121  12:49  Marine  
  121  12:56  Marine x3  
  121  12:57  Marauder  
  125  13:07  Marauder  
  115  13:14  Marine x5  
  115  13:15  Thor  
  115  13:18  Marauder  
  126  13:21  Barracks  
  126  13:22  Barracks x3  
  126  13:28  Marauder, Barracks, Marine  
  126  13:29  Barracks  
  126  13:30  Medivac x2  
  133  13:35  Ghost Academy  
  133  13:39  Supply Depot  
  133  13:40  Supply Depot, Marauder  
  123  13:41  Supply Depot  
  123  13:46  Marine  
  123  13:47  Marine x8  
  115  13:50  Marauder  
  115  13:54  Command Center  
  117  13:58  Thor  
  117  13:59  Starport  
  123  14:05  Refinery  
  123  14:09  Refinery  
  123  14:11  Barracks Tech Lab x2, Liberator  
  123  14:13  Barracks Tech Lab  
  123  14:20  Marine  
  123  14:21  Refinery, Marauder  
  123  14:23  Marine  
  132  14:42  Barracks Tech Lab x3  
  139  14:54  Ghost  
Tags
 
Add a new tag
Caveats
  • Supply blocks, unpowered buildings, or Contaminate may cause inaccurate times.
  • Supply counts are checked every 10 seconds.